Map: Dusk Towers

Players

LiquidTLO (TLO)

  • Race: Zerg Zerg
  • League: Grandmaster

Lilbow - Winner!

  • Race: Protoss Protoss

Event: DreamHack ROCCAT LotV Championship

VOD

Have the link to the VOD?

Description

Time

  • Played on: Nov. 26, 2015, 3:01 p.m.
  • Length: 7:44

All games in this series

Show
View Real Time Build Order
Export as new Build Order

LiquidTLO Zerg 

Build Orders: 3 Hatch before Pool 

Get SALT Encoding   

  12  0:01  Drone  
  13  0:12  Overlord  
  13  0:17  Drone  
  14  0:30  Drone x2  
  16  0:49  Hatchery  
  15  0:51  Drone  
  15  0:55  Drone  
  17  0:59  Drone  
  18  1:19  Hatchery  
  18  1:22  Drone  
  18  1:34  Spawning Pool  
  18  1:38  Drone  
  18  1:41  Drone  
  18  1:44  Drone  
  20  1:50  Drone  
  21  2:02  Drone  
  21  2:04  Drone  
  23  2:11  Drone  
  24  2:18  Overlord  
  24  2:21  Queen x2  
  28  2:25  Zergling x2, Extractor  
  29  2:31  Queen  
  29  2:33  Overlord  
  29  2:35  Drone  
  29  2:37  Drone  
  33  2:39  Drone  
  34  2:45  Drone  
  34  2:46  Drone x2  
  37  2:53  Drone  
  37  2:56  Queen  
  40  2:59  Queen  
  40  3:03  Extractor  
  40  3:04  Drone  
  40  3:05  Drone, Extractor  
  42  3:07  Drone  
  42  3:09  Zergling x2  
  42  3:11  Drone  
  45  3:14  Drone  
  45  3:17  Drone x2  
  48  3:25  Evolution Chamber  
  47  3:28  Zergling x2  
  47  3:29  Zergling x2  
  47  3:32  Spine Crawler  
  47  3:33  Drone x2  
  50  3:35  Overlord  
  49  3:45  Overlord  
  49  3:47  Metabolic Boost  
  49  3:52  Overlord  
  49  3:53  Overlord  
  49  3:54  Drone  
  49  3:55  Drone  
  49  3:56  Drone  
  49  4:00  Drone  
  49  4:01  Drone x2  
  49  4:02  Drone  
  53  4:03  Drone  
  53  4:05  Zergling x2  
  55  4:14  Zergling x12  
  55  4:15  Drone  
  58  4:18  Drone  
  58  4:22  Zerg Melee Weapons Level 1  
  58  4:23  Drone  
  58  4:26  Lair  
  58  4:27  Extractor  
  58  4:28  Drone  
  58  4:33  Drone  
  58  4:36  Drone x3  
  62  4:39  Drone  
  62  4:41  Queen  
  62  4:42  Drone  
  62  4:44  Drone  
  62  4:45  Drone  
  68  4:47  Drone  
  68  4:48  Drone, Extractor  
  68  4:49  Drone  
  68  4:52  Spore Crawler  
  69  4:53  Drone x2  
  69  4:55  Drone  
  72  5:01  Extractor  
  72  5:02  Queen, Extractor  
  72  5:04  Drone x2  
  72  5:05  Overlord  
  74  5:09  Overlord  
  73  5:19  Drone  
  73  5:21  Overlord  
  73  5:22  Overlord  
  73  5:25  Drone  
  73  5:27  Drone x4  
  78  5:28  Spire  
  78  5:34  Drone  
  78  5:35  Evolution Chamber  
  78  5:36  Drone  
  78  5:43  Hatchery, Drone  
  78  5:44  Drone  
  78  5:46  Overlord  
  79  5:57  Overseer  
  79  5:59  Overlord x3  
  79  6:02  Drone  
  79  6:03  Drone x2  
  82  6:05  Overlord  
  82  6:06  Overlord x2  
  82  6:40  Mutalisk  
  82  6:41  Mutalisk x10  
  82  6:43  Zergling x8  
  108  6:47  Zergling x2  
  108  6:49  Zergling x4  
  112  6:54  Zergling x2  
  112  6:55  Spine Crawler, Zergling x2  
  112  6:56  Queen, Zergling x2  
  112  6:57  Spine Crawler  
  112  6:58  Mutalisk  
  112  7:00  Zergling x2  
  118  7:01  Zergling x2  
  118  7:02  Mutalisk  
  118  7:04  Mutalisk  
  118  7:08  Mutalisk  
  122  7:12  Mutalisk  
  122  7:18  Mutalisk  
  122  7:20  Zergling x8  
  122  7:21  Zergling x6  
  122  7:22  Zergling x2  
Show
View Real Time Build Order
Export as new Build Order

Lilbow Protoss - Winner!

Build Orders: Nexus First 

Get SALT Encoding   

  12  0:00  Probe (Chrono Boost)  
  13  0:11  Probe (Chrono Boost)  
  14  0:17  Pylon  
  14  0:22  Probe (Chrono Boost)  
  15  0:35  Probe (Chrono Boost)  
  16  0:46  Probe (Chrono Boost)  
  17  0:56  Probe (Chrono Boost)  
  18  1:00  Nexus  
  18  1:07  Probe (Chrono Boost)  
  19  1:12  Gateway  
  19  1:17  Probe (Chrono Boost)  
  20  1:20  Assimilator  
  20  1:28  Probe (Chrono Boost)  
  20  1:29  Assimilator  
  21  1:38  Probe (Chrono Boost)  
  21  1:39  Pylon  
  22  1:49  Probe (Chrono Boost)  
  22  1:53  Gateway  
  23  1:59  Probe (Chrono Boost)  
  24  2:03  Cybernetics Core  
  24  2:10  Probe (Chrono Boost)  
  24  2:13  Probe (Chrono Boost)  
  26  2:21  Probe (Chrono Boost)  
  27  2:23  Probe (Chrono Boost)  
  28  2:31  Probe (Chrono Boost)  
  28  2:34  Probe (Chrono Boost)  
  30  2:39  Stalker (Chrono Boost)  
  30  2:41  Stalker (Chrono Boost)  
  34  2:44  Mothership Core  
  34  2:45  Probe  
  34  2:48  Warp Gate  
  37  2:53  Pylon  
  37  2:57  Probe  
  38  3:05  Probe  
  38  3:06  Stalker (Chrono Boost)  
  38  3:07  Stalker (Chrono Boost)  
  38  3:09  Probe  
  44  3:18  Probe  
  45  3:22  Probe  
  46  3:30  Probe  
  46  3:33  Stalker x2 (Chrono Boost)  
  46  3:34  Probe, Pylon  
  52  3:40  Pylon  
  51  3:51  Probe x2  
  53  3:59  Stalker (Chrono Boost)  
  55  4:03  Probe  
  56  4:15  Stalker (Chrono Boost)  
  56  4:17  Nexus  
  57  4:18  Probe  
  57  4:19  Twilight Council  
  57  4:21  Forge  
  57  4:24  Mothership Core (Chrono Boost)  
  57  4:30  Probe (Chrono Boost)  
  58  4:35  Pylon  
  58  4:39  Assimilator  
  58  4:40  Assimilator  
  58  4:42  Probe (Chrono Boost)  
  58  4:44  Probe (Chrono Boost)  
  60  4:47  Blink (Chrono Boost)  
  60  4:50  Robotics Facility  
  60  4:54  Probe (Chrono Boost)  
  60  4:55  Probe (Chrono Boost)  
  62  5:07  Pylon  
  62  5:09  Protoss Ground Weapons Level 1 (Chrono Boost)  
  62  5:11  Pylon  
  62  5:13  Pylon  
  62  5:25  Probe x2  
  62  5:27  Probe  
  64  5:31  Stalker x2, Gateway  
  64  5:33  Gateway  
  69  5:37  Probe x3, Observer (Chrono Boost)  
  73  5:43  Gateway  
  73  5:45  Gateway  
  73  5:49  Gateway, Probe x2  
  75  5:55  Stalker  
  77  5:57  Warp Prism (Chrono Boost)  
  77  6:00  Stalker  
  81  6:08  Gateway  
  81  6:12  Gateway  
  81  6:16  Gateway  
  81  6:23  Zealot  
  83  6:26  Stalker x2  
  87  6:45  Pylon  
  87  6:48  Pylon  
  87  6:49  Stalker x3  
  87  6:50  Stalker x4  
  101  7:07  Stalker x2  
  105  7:13  Stalker x2  
  105  7:14  Stalker x3  
  111  7:40  Stalker  
  111  7:41  Stalker x3  

Tags
 
Add a new tag
Caveats
  • Supply blocks, unpowered buildings, or Contaminate may cause inaccurate times.
  • Supply counts are checked every 10 seconds.